 Dungeon Crawl Stone Soup version 0.24-a0-203-gf0bc1e9 (webtiles) character file.

Game seed: 8361586061935405076

163 Borgoz the Cutter (level 5, -4/32 HPs)
             Began as a Kobold Gladiator on Mar 26, 2019.
             Slain by Crazy Yiuf
             ... wielding a +2 quarterstaff of chaos
              (15 damage)
             ... on level 3 of the Dungeon.
             The game lasted 00:02:57 (2534 turns).

Borgoz the Cutter (Kobold Gladiator)                Turns: 2534, Time: 00:02:58

Health: -4/32      AC:  4    Str: 11    XL:     5   Next: 73%
Magic:  5/5        EV: 16    Int: 10    God:
Gold:   185        SH:  0    Dex: 17    Spells: 4/4 levels left

rFire    . . .     SeeInvis .   i - +2 dagger (venom)
rCold    . . .     Gourm    .   (shield restricted)
rNeg     . . .     Faith    .   b - +0 leather armour
rPois    .         Spirit   .   o - +0 helmet
rElec    .         Reflect  .   (no cloak)
rCorr    .         Harm     .   (no gloves)
MR       .....                  (no boots)
Stlth    ++........             (no amulet)
HPRegen  0.10/turn              (no ring)
MPRegen  0.09/turn              (no ring)

@: no status effects
A: small, carnivore
a: no special abilities


You were on level 3 of the Dungeon.
You were completely stuffed.

You visited 1 branch of the dungeon, and saw 3 of its levels.

You collected 185 gold pieces.

Inventory:

Hand Weapons
 a - a +0 rapier
 i - a +2 dagger of venom (weapon)
 n - a +3 dagger
Missiles
 d - 3 throwing nets (quivered)
Armour
 b - a +0 leather armour (worn)
 o - a +0 helmet (worn)
Scrolls
 c - a scroll of enchant armour {unknown}
 e - 3 scrolls of teleportation {unknown}
 g - a scroll of identify {unknown}
 h - 2 scrolls of remove curse {unknown}
 j - 2 scrolls of immolation {unknown}
 k - a scroll of enchant weapon {unknown}
 l - a scroll of fear {unknown}
 m - 2 scrolls of magic mapping {unknown}
Comestibles
 f - 4 rations


   Skills:
 + Level 3.0 Fighting
 + Level 4.9 Short Blades
 + Level 2.9 Throwing
 * Level 2.0 Armour
 + Level 4.2 Dodging
 + Level 2.4 Stealth


You had 4 spell levels left.
You didn't know any spells.
Your spell library contained the following spells:

 Spells                   Type           Power        Failure   Level  Hunger
 Sandblast                Erth           #.....       45%         1    ##.....
 Passwall                 Tmut/Erth      #.......     58%         2    ###....
 Stone Arrow              Conj/Erth      #.....       83%         3    ####...
 Petrify                  Tmut/Erth      #.......     99%         4    #####..
 Lee's Rapid Deconstruct  Erth           #.........   100%        5    ######.


Dungeon Overview and Level Annotations

Branches:
Dungeon (3/15)

Altars:

Annotations:
D:3 Crazy Yiuf


Innate Abilities, Weirdness & Mutations

You are small and have problems with some larger weapons.
You are carnivorous and can eat meat at any time.


Message History

There is a stone staircase leading down here.
Some of the chunks of flesh in your inventory have rotted away.
Some of the chunks of flesh in your inventory have rotted away.
All of the chunks of flesh in your inventory have rotted away.
Things that are here:
a cursed -2 dagger; a goblin skeleton You see here a +0 club.
Found 12 stones.
You see here a mace.
Unknown command.
As you open the door, it creaks loudly!
You closely miss Crazy Yiuf.
Crazy Yiuf hits you with a +2 quarterstaff of chaos.
You are electrocuted!
Ouch! That really hurt!
You hit Crazy Yiuf.
Crazy Yiuf is poisoned.
Crazy Yiuf is lightly wounded.
Crazy Yiuf hits you with a +2 quarterstaff of chaos.
You are electrocuted!
You die...

#....###.#####.# # ###.### ###
### # #..÷)# # #.#)## ##### ###
# #.#)# #)..# #.# # #.#.# #...#
#.# # #.#.# ... #.# # #.#.## #g#
#.# .. #.#..# ♣@♣♣ #.#
..####+#.## ♣♣.♣ #.# ..........#
♣.♣♣ #.# .........## ♣♣.♣
#.########## .........# ♣♣.♣♣
#.#........# ........### ♣♣...♣
#.#.######.# ..........# ♣...♣♣
#.#.#.####.# .........## #.).)#
#.#.#...>..#
.........######..####.#.#..###.#


You could see Crazy Yiuf.

Vanquished Creatures
  Terence (D:3)
  An iguana (D:2)
  Robin (D:3)
  4 adders (D:2)
  An ooze (D:1)
  3 dart slugs
  6 bats
  2 giant cockroaches
  12 goblins
  10 hobgoblins
  5 kobolds
  A ball python (D:1)
  2 frilled lizards
  6 rats
55 creatures vanquished.

Notes
Turn   | Place    | Note
-------+----------+-------------------------------------------
     0 | D:1      | Borgoz the Kobold Gladiator began the quest for the Orb.
     0 | D:1      | Reached XP level 1. HP: 12/12 MP: 1/1
   167 | D:1      | Reached XP level 2. HP: 13/17 MP: 2/2
   245 | D:1      | Reached skill level 1 in Stealth
   729 | D:1      | Reached XP level 3. HP: 22/22 MP: 3/3
   779 | D:1      | Reached skill level 1 in Armour
   893 | D:2      | Reached XP level 4. HP: 16/27 MP: 4/4
  1175 | D:2      | Reached XP level 5. HP: 14/31 MP: 5/5
  1946 | D:3      | Noticed Terence
  1953 | D:3      | Killed Terence
  2195 | D:3      | Noticed Robin
  2224 | D:3      | Killed Robin
  2412 | D:3      | Found a runed translucent door.
  2413 | D:3      | Noticed Crazy Yiuf
  2534 | D:3      | Slain by Crazy Yiuf

Levels and vault maps discovered:
D:1:      scummos_arrival_gate, layout_loops_corners, minmay_misc_feat_roman
D:2:      layout_loops_ring
D:3:      layout_basic, uniq_terence, uniq_robin, uniq_crazy_yiuf_cottage

Skill      XL: |  1  2  3  4  5 |
---------------+----------------+-----
Stealth        | 1 2 |  2.4
Armour         | 1 2 |  2.0
Dodging        | 4 |  4.2
Fighting       | 3 |  3.0
Short Blades   | |  4.9
Throwing       | |  2.9

Action                   |  1- 3 |  4- 6 || total
-------------------------+-------+-------++-------
Melee: Rapier            |    25 |       ||    25
       Dagger            |    25 |    93 ||   118
  Use: Potion            |       |     2 ||     2
 Stab: Sleeping          |     1 |     7 ||     8
  Eat: Chunk             |     3 |    10 ||    13
Armor: Leather armour    |     7 |    20 ||    27
Dodge: Dodged            |    28 |    70 ||    98

Table legend:
 A = Non-vault XP
 B = Vault XP
 C = Vault XP percentage of total XP
 D = Non-vault monster count
 E = Vault monster count
 F = Vault count percentage of total count
                 A         B        C        D         E       F
            +---------+---------+-------+---------+---------+-------
      Total |     163 |      71 |  30.3 |      43 |      12 |  21.8
            +---------+---------+-------+---------+---------+-------
        D:1 |      36 |       0 |   0.0 |      15 |       0 |   0.0
        D:2 |     109 |       0 |   0.0 |      17 |       0 |   0.0
        D:3 |      18 |      71 |  79.8 |      11 |      12 |  52.2
            +---------+---------+-------+---------+---------+-------
